 Dungeon Crawl Stone Soup version 0.25-a0-576-g50b708a4c4 (webtiles) character file.

Game seed: 11915384497735502626, levelgen mode: deterministic

999 Flugslaktarn the Chopper (level 8, -2/73 HPs)
             Began as a Deep Dwarf Fighter on Mar 1, 2020.
             Slain by a hog (4 damage)
             ... on level 7 of the Dungeon.
             The game lasted 00:01:26 (1637 turns).

Flugslaktarn the Chopper (Deep Dwarf Fighter)       Turns: 1637, Time: 00:01:27

Health: -2/73      AC:  7    Str: 22    XL:     8   Next: 0%
Magic:  6/6        EV:  7    Int:  9    God:
Gold:   137        SH:  9    Dex: 12    Spells: 7/7 levels left

rFire    . . .     SeeInvis .   o - +2 hand axe (freeze)
rCold    . . .     Gourm    .   c - +0 kite shield
rNeg     . . .     Faith    .   b - +0 scale mail
rPois    .         Spirit   .   (no helmet)
rElec    .         Reflect  .   (no cloak)
rCorr    .         Harm     .   p - +0 pair of gloves
MR       +....                  (no boots)
Stlth    ..........             (no amulet)
HPRegen  0.00/turn              (no ring)
MPRegen  0.10/turn              (no ring)

@: non-regenerating, very heavily drained
A: damage resistance, heal wounds, sense surroundings 1, no regeneration
a: Heal Wounds


You were on level 7 of the Dungeon.
You were not hungry.

You visited 1 branch of the dungeon, and saw 6 of its levels.

You collected 137 gold pieces.

Inventory:

Hand Weapons
 a - a +0 war axe
 o - a +2 hand axe of freezing (weapon)
   (You took it off an orc priest on level 4 of the Dungeon)
Armour
 b - a +0 scale mail (worn)
 c - a +0 kite shield (worn)
 p - a +0 pair of gloves (worn)
   (You found it on level 4 of the Dungeon)
Jewellery
 m - an uncursed ring of positive energy {unknown}
   (You found it on level 3 of the Dungeon)
Wands
 i - a wand of acid (3)
   (You found it on level 3 of the Dungeon)
Scrolls
 g - a scroll of fog {unknown}
 k - a scroll of teleportation {unknown}
 l - 3 scrolls of identify {unknown}
 r - a scroll of magic mapping {unknown}
 s - a scroll of noise {unknown}
 u - a scroll of enchant weapon {unknown}
Potions
 d - a potion of might
 h - a potion of mutation {unknown}
 j - a potion of curing {unknown}
 n - a potion of brilliance {unknown}
 q - a potion of heal wounds {unknown}
 t - 2 potions of degeneration {unknown}
Comestibles
 e - 8 rations
 f - 6 chunks of flesh


   Skills:
 + Level 4.6(1.3) Fighting
 * Level 6.7(3.3) Axes
 + Level 5.6(2.3) Armour
 + Level 5.5(2.2) Shields


You had 7 spell levels left.
You didn't know any spells.
Your spell library was empty.

Dungeon Overview and Level Annotations

Branches:
Dungeon (5/15)
 Temple: D:4-7

Altars:
Makhleb

Shops:
D:4 =


Innate Abilities, Weirdness & Mutations

You are resistant to damage.
You can heal yourself by infusing magical energy.
You passively map a small area around you.
You do not regenerate.


Message History

You block the hog's attack. The hog bites you but does no damage.
The hog barely misses you.
You closely miss the hog.
The hog is moderately wounded.
You hit the hog but do no damage. You closely miss the hog.
You completely miss the hog. The hog closely misses you. The hog bites you.
You block the hog's attack. x2; The hog bites you but does no damage.
The hog bites you!
Your shield prevents you from hitting the hog.
The hog is moderately wounded.
You hit the hog. You freeze the hog. You hit the hog. You freeze the hog.
You hit the hog. You freeze the hog. The hog bites you! The hog bites you.
The hog bites you!
* * * LOW HITPOINT WARNING * * *
The hog misses you. The hog bites you.
* * * LOW HITPOINT WARNING * * *
The hog bites you!
* * * LOW HITPOINT WARNING * * *
The hog bites you.
You die...

#......................##.#.#..#.
#.......#####.........##..#.#.##.
##....#.####.....................
#....#.................###....##
#............)............[....#
#....######......>...#.###)#.###
#....# #..........#.##.......
#.##.######.....h...............
#.........#....@hp....###.......
##........#####hh.##..##..######
#........######'####.##.##
#........##..#..# ####.#
#........##..#..# #.#
#........##..'..# #####.#
#........##..#.%###...#.#
#.........#..#%%#.......#
###################..<###


You could see 4 hogs and a human.

Vanquished Creatures
  Edmund (D:4)
  A water moccasin (D:7)
  An ogre (D:7)
  A centaur (D:7)
  Blork the orc (D:4)
  A bullfrog (D:7)
  A crimson imp (D:7)
  2 hounds (D:4)
  3 orc priests
  Jessica (D:2)
  Terence (D:2)
  5 orc wizards
  2 worker ants
  An adder (D:3)
  2 adder zombies
  A worm (D:3)
  2 leopard geckos
  16 orcs
  A ball python (D:7)
  2 giant cockroaches
  2 hobgoblins
  2 jackals (D:7)
  2 kobolds
  3 quokkas
  3 bats (D:3)
  2 frilled lizards
  4 rats
64 creatures vanquished.

Notes
Turn   | Place    | Note
-------+----------+-------------------------------------------
     0 | D:1      | Flugslaktarn the Deep Dwarf Fighter began the quest for the
                  | Orb.
     0 | D:1      | Reached XP level 1. HP: 20/20 MP: 1/1
   105 | D:2      | Noticed Terence
   116 | D:2      | Killed Terence
   116 | D:2      | Reached skill level 3 in Axes
   116 | D:2      | Reached XP level 2. HP: 26/28 MP: 2/2
   116 | D:2      | Reached XP level 3. HP: 32/34 MP: 3/3
   138 | D:2      | Noticed Jessica
   139 | D:2      | Killed Jessica
   202 | D:3      | Reached XP level 4. HP: 28/42 MP: 4/4
   340 | D:3      | Reached skill level 4 in Axes
   404 | D:3      | Reached XP level 5. HP: 49/49 MP: 5/5
   419 | D:4      | Found Xocel's Jewellery Shoppe.
   639 | D:4      | Noticed Edmund
   640 | D:4      | Noticed Blork the orc
   666 | D:4      | Killed Edmund
   666 | D:4      | Reached skill level 5 in Axes
   666 | D:4      | Reached XP level 6. HP: 23/57 MP: 5/5
   675 | D:4      | Killed Blork the orc
   928 | D:4      | Found a glowing drain.
  1203 | D:5      | Entered Level 5 of the Dungeon
  1213 | D:5      | Reached XP level 7. HP: 61/64 MP: 5/5
  1242 | D:5      | You fall into a shaft and drop 2 floors!
  1258 | D:7      | Reached skill level 5 in Armour
  1258 | D:7      | Reached skill level 5 in Shields
  1386 | D:7      | Reached skill level 6 in Axes
  1544 | D:7      | Reached XP level 8. HP: 46/73 MP: 6/6
  1582 | D:7      | Found a burning altar of Makhleb.
  1637 | D:7      | HP: 2/73 [hog (9)]
  1637 | D:7      | Slain by a hog

Levels and vault maps discovered:
D:1:      mrwooster_arrival_statue_2, layout_basic, grunt_decor_arrowhead,
          minmay_tromino_v7
D:2:      layout_loops_ring, first_ration, minmay_randomly_rotated_circles,
          uniq_terence, uniq_jessica
D:3:      layout_rooms
D:4:      layout_basic, serial_shops, nicolae_shop_trees, portal_sewer_entry_a,
          uniq_blork_the_orc, uniq_edmund
D:5:      layout_basic, minmay_temple_entry_nine_rooms, serial_shops, shop,
          kennysheep_boxes, uniq_menkaure, uniq_sigmund
D:7:      layout_rooms, lemuel_crystal_altar, grunt_livestock

Skill      XL: |  1  2  3  4  5  6  7 |
---------------+----------------------+-----
Fighting       | 3 4 |  4.6
Axes           | 3 4 5 6 |  6.7
Armour         | 4 5 |  5.6
Shields        | 4 5 |  5.5

Action                   |  1- 3 |  4- 6 |  7- 9 || total
-------------------------+-------+-------+-------++-------
Melee: War axe           |    54 |    94 |       ||   148
       Hand axe          |       |    67 |    89 ||   156
 Abil: Heal Wounds       |       |     7 |     7 ||    14
  Eat: Chunk             |       |     1 |     2 ||     3
Armor: Scale mail        |    47 |    97 |    53 ||   197
Dodge: Dodged            |    19 |    38 |    51 ||   108
Block: Kite shield       |    39 |    76 |    52 ||   167

Table legend:
 A = Non-vault XP
 B = Vault XP
 C = Vault XP percentage of total XP
 D = Non-vault monster count
 E = Vault monster count
 F = Vault count percentage of total count
                 A         B        C        D         E       F
            +---------+---------+-------+---------+---------+-------
      Total |    1090 |     338 |  23.7 |      60 |       4 |   6.2
            +---------+---------+-------+---------+---------+-------
        D:1 |       4 |       0 |   0.0 |       2 |       0 |   0.0
        D:2 |       9 |      73 |  89.0 |       5 |       2 |  28.6
        D:3 |     123 |       0 |   0.0 |      18 |       0 |   0.0
        D:4 |     254 |     265 |  51.1 |      15 |       2 |  11.8
        D:5 |       6 |       0 |   0.0 |       1 |       0 |   0.0
        D:7 |     694 |       0 |   0.0 |      19 |       0 |   0.0
            +---------+---------+-------+---------+---------+-------
